 Dungeon Crawl Stone Soup version 0.30-a0-304-gdc4b735fe1 (webtiles) character file.

Game seed: 12782409300733473454

5630 Iusername the Blocker (level 10, -2/93 HPs)
             Began as a Minotaur Fighter on Oct 19, 2022.
             Was an Initiate of Gozag.
             Slain by a basilisk (13 damage)
             ... on level 8 of the Dungeon on Oct 20, 2022.
             The game lasted 00:12:40 (8907 turns).

Iusername the Blocker (Minotaur Fighter)            Turns: 8907, Time: 00:12:41

Health: -2/93      AC: 13    Str: 33    XL:     10   Next: 46%
Magic:  9/9        EV:  7    Int:  5    God:    Gozag
Gold:   1086       SH: 23    Dex: 18    Spells: 9/9 levels left

rFire   x . .      SeeInvis +    a - +4 war axe
rCold   . . .      Faith    .    C - +6 tower shield of Magic {rElec Str+4 SInv}
rNeg    + . .      Spirit   .    b - +2 scale mail
rPois   .          Reflect  .    (helmet restricted)
rElec   +          Harm     .    (no cloak)
rCorr   .          Rampage  .    D - +0 pair of gloves
Will    +....                    p - +0 pair of boots
Stlth   ..........               l - amulet of regeneration
HPRegen 1.15/turn                g - ring "Lixzivamn" {rF- rN+ Will+ Str+4 Dex+2}
MPRegen 0.11/turn                B - +6 ring of dexterity

@: mighty, gold aura, on berserk cooldown, flying, slowed, very slow
A: horns 2, retaliatory headbutt
a: Renounce Religion, Potion Petition, Call Merchant, Bribe Branch


You were on level 8 of the Dungeon.
You worshipped Gozag.
Gozag was most pleased with you.
You visited 2 branches of the dungeon, and saw 9 of its levels.
You also visited: Ossuary.

You collected 1142 gold pieces.
You paid 56 gold pieces to Gozag.

Inventory:

Hand Weapons
 a - a +4 war axe (weapon)
Armour
 b - a +2 scale mail (worn)
 p - a +0 pair of boots (worn)
 C - the +6 tower shield of Magic (worn) {rElec Str+4 SInv}
   (You took it off a hobgoblin on level 3 of the Dungeon)

   Str:       It affects your strength (+4).
   rElec:     It insulates you from electricity.
   SInv:      It lets you see invisible.
 D - a +0 pair of gloves (worn)
Jewellery
 g - the ring "Lixzivamn" (left hand) {rF- rN+ Will+ Str+4 Dex+2}
   (You acquired it on level 4 of the Dungeon)

   [ring of willpower]

   Str:       It affects your strength (+4).
   Dex:       It affects your dexterity (+2).
   rF:        It makes you vulnerable to fire.
   rN:        It protects you from negative energy.
   Will:      It increases your willpower.
 i - a ring of poison resistance
 l - an amulet of regeneration (around neck)
 B - a +6 ring of dexterity (right hand)
Wands
 c - a wand of roots (5)
 j - a wand of flame (14)
 q - a wand of paralysis (11)
Scrolls
 h - a scroll of blinking {unknown}
 m - 4 scrolls of teleportation
 o - 2 scrolls of vulnerability
 r - a scroll of fog
 s - 3 scrolls of silence
Potions
 e - a potion of flight
 f - 3 potions of curing
 k - 2 potions of attraction
 n - a potion of invisibility {unknown}
 t - 2 potions of mutation {unknown}
 u - 2 potions of lignification
 v - 2 potions of haste {unknown}
 w - a potion of magic {unknown}
 A - 2 potions of degeneration {unknown}
 E - a potion of brilliance {unknown}


   Skills:
 + Level 10.1 Fighting
 + Level 9.8 Axes
 + Level 10.1 Armour
 + Level 10.1 Shields


You had 9 spell levels left.
You didn't know any spells.
Your spell library contained the following spells:

 Spells                   Type           Power      Damage    Failure   Level
 Sting                    Tmut/Pois      0%         1d3       99%         1
 Poisonous Vapours        Pois/Air       0%         N/A       100%        2
 Hailstorm                Conj/Ice       0%         3d3       100%        3
 Portal Projectile        Hex/Tloc       0%         N/A       100%        3
 Tukima's Dance           Hex            0%         N/A       100%        3
 Ice Form                 Ice/Tmut       0%         N/A       100%        4
 Olgreb's Toxic Radiance  Pois           0%         N/A       100%        4
 Blade Hands              Tmut           0%         N/A       100%        5
 Haunt                    Necr/Summ      0%         N/A       100%        7
 Infestation              Necr           0%         N/A       100%        8
 Animate Dead             Necr           Unusable   N/A       N/A         4
 Simulacrum               Ice/Necr       Unusable   N/A       N/A         6

Dungeon Overview and Level Annotations

Branches:
Dungeon (8/15)             Temple (1/1) D:4         Ossuary (visited)
   Lair: D:8-11

Altars:
Ashenzari
Cheibriados
Elyvilon
Fedhas
Gozag
Hepliaklqana
Kikubaaqudgha
Okawaru
Qazlal
Sif Muna
Trog
Vehumet
Wu Jian
Xom
Zin
The Shining One

Shops:
D:6 *

Annotations:
Temple 2 transporters


Innate Abilities, Weirdness & Mutations

You have a pair of horns on your head.
You reflexively headbutt those who attack you in melee.


Message History

The wyvern bites you but does no damage.
Okay, then.
Unknown command.
Unknown command.
Unknown command.
You feel very buoyant.
You fly up into the air.
You block the black bear's attack. x2
The black bear completely misses you.
The water moccasin bites you but does no damage.
The wyvern bites you!
* * * LOW HITPOINT WARNING * * *
The basilisk gazes at you. You resist with almost no effort.
You block the black bear's attack. x2
The black bear claws you.
* * * LOW HITPOINT WARNING * * *
You block the water moccasin's attack. The wyvern bites you!
* * * LOW HITPOINT WARNING * * *
The basilisk bites you but does no damage.
You feel better. You block the black bear's attack.
The black bear claws you but does no damage.
You block the black bear's attack. You block the wyvern's attack.
The water moccasin bites you.
* * * LOW HITPOINT WARNING * * *
You are poisoned.
The water moccasin poisons you! The black bear barely misses you.
The black bear claws you.
* * * LOW HITPOINT WARNING * * *
The black bear claws you but does no damage.
The wyvern bites you!
* * * LOW HITPOINT WARNING * * *
You block the basilisk's attack.
The water moccasin bites you but does no damage.
The black bear bites you but does no damage.
The black bear claws you but does no damage. x2
You feel better. You block the wyvern's attack.
You block the water moccasin's attack. You block the black bear's attack.
The black bear claws you but does no damage.
The black bear barely misses you. The basilisk bites you!
You die...
Your body crumbles into a pile of gold.

..!...................
......................
...........######.....
...........# #.....
.....##'#### #.....
#######....# #.....
#.....$$$..##. #.....
#....ll)....... #.....
#...sS@........ #.....
#...lh.....##...
#..... ##..h###+###
### #..... #... #.....
#.... #..... #....
#..... ##... #.....
#..h ....


You could see 2 basilisks, a water moccasin, 2 black bears, a wyvern and a
scorpion.

Vanquished Creatures
  Amaemon (D:8)
  An orange demon (D:8)
  A basilisk (D:8)
  Grum (D:8)
  6 yaks (D:8)
  2 steam dragons
  2 water moccasins
  An orc warrior (D:8)
  An ice beast (D:7)
  2 black bears
  A sky beast (D:7)
  5 wolves (D:8)
  An ogre (D:4)
  A kobold brigand (D:7)
  A bullfrog (D:7)
  A gnoll sergeant (D:7)
  2 necrophages (D:6)
  3 scorpions
  2 water moccasin zombies (Ossuary)
  8 killer bees
  A howler monkey (D:6)
  A human zombie (D:4)
  An iron imp (D:8)
  5 orc priests
  2 hounds
  4 jellies
  A gnoll bouda (D:7)
  Terence (D:3)
  8 iguanas
  2 orc wizards
  2 mummies (Ossuary)
  Robin (D:3)
  20 gnolls
  10 adders
  2 white imps
  An ufetubus (D:4)
  8 adder zombies (Ossuary)
  A worm (D:2)
  24 orcs
  9 ball pythons
  7 endoplasms
  3 gnoll zombies (Ossuary)
  16 goblins
  6 hobgoblins
  4 jackals (D:2)
  15 kobolds
  2 quokkas
  7 bats
  2 frilled lizards (D:2)
  A goblin zombie (D:8)
  9 hobgoblin zombies
  A kobold skeleton (D:8)
  6 kobold zombies
  4 orc skeletons (D:8)
  8 orc zombies
  3 rats
241 creatures vanquished.

Vanquished Creatures (others)
  5 dream sheep (D:7)
  2 orcs (D:8)
  A plant (D:8)
8 creatures vanquished.

Grand Total: 249 creatures vanquished

Notes
Turn   | Place    | Note
-------+----------+-------------------------------------------
     0 | D:1      | Iusername the Minotaur Fighter began the quest for the Orb.
     0 | D:1      | Reached XP level 1. HP: 19/19 MP: 0/0
   190 | D:1      | Found a faded altar of an unknown god.
   307 | D:1      | Reached XP level 2. HP: 27/27 MP: 1/1
   936 | D:1      | Upgraded the game from 0.30-a0-297-g0ec75d9ef4 to
                  | 0.30-a0-304-gdc4b735fe1
  1352 | D:2      | Reached XP level 3. HP: 33/33 MP: 2/2
  1404 | D:2      | Reached XP level 4. HP: 22/40 MP: 3/3
  1858 | D:2      | You fall into a shaft and drop 1 floor!
  1947 | D:3      | Noticed Terence
  1956 | D:3      | Killed Terence
  2275 | D:3      | Identified the +6 tower shield of Magic {rElec Str+4 SInv}
  2280 | D:3      | Reached XP level 5. HP: 46/47 MP: 4/4
  2336 | D:3      | Noticed Robin
  2349 | D:3      | Killed Robin
  2624 | D:4      | Found a sand-covered staircase.
  2699 | Ossuary  | Entered an ossuary
  2723 | Ossuary  | Reached skill level 5 in Fighting
  2723 | Ossuary  | Reached skill level 5 in Shields
  2750 | Ossuary  | Reached skill level 5 in Armour
  2759 | Ossuary  | Reached XP level 6. HP: 56/56 MP: 5/5
  2928 | D:4      | Reached skill level 5 in Axes
  2928 | D:4      | Reached XP level 7. HP: 24/62 MP: 6/6
  3279 | D:4      | Identified a scroll of acquirement
  3279 | D:4      | Acquired the ring "Lixzivamn" {rF- rN+ Will+ Str+4 Dex+2}
  3942 | D:4      | Found a staircase to the Ecumenical Temple.
  4321 | Temple   | Entered the Ecumenical Temple
  4321 | Temple   | Found a transporter.
  4321 | Temple   | Found a transporter.
  4323 | Temple   | Found a transporter.
  4323 | Temple   | Found a transporter.
  4354 | Temple   | Became a worshipper of Gozag Ym Sagoz the Greedy
  4398 | D:5      | Entered Level 5 of the Dungeon
  4872 | D:5      | Reached XP level 8. HP: 71/71 MP: 7/7
  5998 | D:6      | Found Voggel's Assorted Antiques.
  6972 | D:7      | Reached XP level 9. HP: 81/81 MP: 8/8
  7161 | D:7      | Identified the +6 flail of the Fifty Spirits {drain, rPois
                  | Str+8 Int-3}
  7338 | D:7      | Found a shimmering altar of Xom.
  7953 | D:8      | Noticed Grum
  7971 | D:8      | Killed Grum
  8314 | D:8      | Found a snail-covered altar of Cheibriados.
  8342 | D:8      | Noticed Amaemon
  8342 | D:8      | Noticed an orange demon
  8368 | D:8      | Killed Amaemon
  8374 | D:8      | Killed an orange demon
  8375 | D:8      | Reached XP level 10. HP: 62/91 MP: 9/9
  8617 | D:8      | Found a glowing golden altar of the Shining One.
  8662 | D:8      | Found a shimmering blue altar of Sif Muna.
  8876 | D:8      | Reached skill level 10 in Shields
  8889 | D:8      | Reached skill level 10 in Fighting
  8890 | D:8      | Reached skill level 10 in Armour
  8906 | D:8      | HP: 2/93 [wyvern (7)]
  8907 | D:8      | Slain by a basilisk

Illustrated notes

Levels and vault maps discovered:
D:1:      lightli_arrival_statuegarden, layout_basic,
          hellmonk_ecumenical_altar_zigzags
D:2:      layout_basic, minivault_23, dk_noncrumbling_2, grunt_ministairs_11,
          minmay_misc_feat_cross, kennysheep_generic_room_16
D:3:      layout_loops_ring, uniq_robin, uniq_terence
D:4:      layout_basic, lemuel_temple_firewalk_b, enter_ossuary_3
D:5:      layout_cave_pools
D:6:      layout_loops_corners, serial_shops, nicolae_shop_behind_doors,
          amcnicky_mini_pool_small
D:7:      layout_loops_cross, kb_xom_exploding_sheep
D:8:      layout_gridville, nicolae_tso_besieged_by_evil,
          mainiacjoe_overflow_alcove_1, slow_altar_2, minmay_lair_entry_grove,
          uniq_grum, uniq_amaemon
Temple:   hellmonk_temple_divided_pantheon

Skill      XL: |  1  2  3  4  5  6  7  8  9 10 |
---------------+-------------------------------+-----
Fighting       | 4 5 6 7 9 10 | 10.1
Armour         | 4 5 6 7 9 10 | 10.1
Shields        | 4 5 6 8 9 10 | 10.1
Axes           | 3 4 5 7 9 |  9.8

Action                   |  1- 3 |  4- 6 |  7- 9 | 10-12 || total
-------------------------+-------+-------+-------+-------++-------
Melee: War axe           |    61 |   183 |   238 |    46 ||   528
       Headbutt          |     8 |    31 |    36 |     8 ||    83
Throw: Throwing net      |       |       |     1 |       ||     1
  Use: Potion            |       |     1 |     5 |     5 ||    11
       Scroll            |       |       |    21 |       ||    21
 Stab: Held in net/web   |       |       |     2 |       ||     2
       Distracted        |       |       |     1 |       ||     1
Armor: Scale mail        |    31 |    85 |    65 |    51 ||   232
Dodge: Dodged            |    27 |   101 |    74 |    13 ||   215
Block: Buckler           |    13 |    35 |    38 |       ||    86
       Tower shield      |       |       |   195 |    77 ||   272

Table legend: (Time is in decaauts)
 A = Elapsed time spent in this place.
 B = Non-inter-level travel time spent in this place.
 C = Inter-level travel time spent in this place.
 D = Time resting spent in this place.
 E = Time spent auto-exploring this place.
 F = Levels seen in this place.
 G = Mean time per level.
                   A        B        C        D        E       F      G
               +--------+--------+--------+--------+--------+-----+--------+
         Total |   9104 |   8650 |    454 |   1748 |   5322 |  10 |  910.4 |
       Dungeon |   8864 |   8410 |    454 |   1748 |   5276 |   8 | 1108.0 |
        Temple |     52 |     52 |      0 |      0 |      0 |   1 |   52.0 |
       Ossuary |    186 |    186 |      0 |      0 |     46 |   1 |  186.0 |
               +--------+--------+--------+--------+--------+-----+--------+

Top non-repeatable levels by time:
     D:4: 1675 daAuts
     D:6: 1361 daAuts
     D:1: 1251 daAuts
     D:7: 1127 daAuts
     D:8: 1011 daAuts
     D:5: 979 daAuts
     D:3: 745 daAuts
     D:2: 713 daAuts
 Ossuary: 186 daAuts
  Temple: 52 daAuts
